TAMPA BAY vs BOSTON

Created - Saturday, October 28, 2017 at 19:24

Goals
1 2 3 OT1 T
TAMPA BAY 1 1 1 1 4
BOSTON 1 1 1 0 3
Shots
1 2 3 OT1 T
TAMPA BAY 11 6 9 1 27
BOSTON 5 6 6 2 19

1st period

1. TAMPA BAY , Derek Ryan 1 (Brendan Perlini, Mark Streit) at 3:19
2. BOSTON , Markus Hannikainen 1 (Conor Allen, Paul Gaustad) at 5:25

Penalties :
Scott Hartnell (BOS) for Hooking (Minor) at 0:41, Ivan Provorov (BOS) for Hooking (Minor) at 15:39

2nd period

3. BOSTON , Ivan Barbashev 1 (Dennis Seidenberg, Ivan Provorov) at 6:12
4. TAMPA BAY , Mathieu Perreault 1 (Mark Streit, Kyle Turris) at 13:38

Penalties :
John Klingberg (TB ) for Holding Stick (Minor) at 10:18, Derick Brassard (BOS) for Interference (Minor) at 19:13

3rd period

5. TAMPA BAY , Robby Fabbri 2 (Kyle Turris, John Klingberg) at 12:27
6. BOSTON , Ivan Barbashev 2 (Evan Rodrigues) at 15:24

Penalties :
Dennis Seidenberg (BOS) for Slashing (Minor) at 15:51

Overtime #1

7. TAMPA BAY , Ryan Johansen 3 (Mathieu Perreault, Andrej Sekera) at 1:50

Penalties :
No Penalty

Goalie Stats

Devan Dubnyk (TB ), 16 saves from 19 shots - (0.842), W, 3-2-1, 61:51 minutes
Henrik Lundqvist (BOS), 23 saves from 27 shots - (0.852), OTL, 3-1-1, 61:51 minutes

Players Stats for TAMPA BAY

Player Name              G  A  P  +/- PIM S  H  SB GA TA FO     MP     PP MP  PK MP  
------------------------------------------------------------------------------------
Alexander Wennberg       0  0  0   0  0   0  2  0  0  0  12/17  17:39   4:08   1:12 
Andrej Sekera            0  1  1  -1  0   0  0  0  0  0  0/0    21:09   3:12   0:47 
Brendan Perlini          0  1  1  -1  0   2  0  0  0  0  0/0    12:01   0:00   0:20 
Charlie Coyle            0  0  0   0  0   1  1  0  0  0  1/1    17:05   3:48   0:00 
Derek Ryan               1  0  1  -1  0   2  0  0  0  0  8/10   11:41   0:00   0:00 
Elias Lindholm           0  0  0   0  0   0  2  0  0  0  1/1    14:57   0:00   1:12 
John Klingberg           0  1  1   0  2   2  0  2  0  0  0/0    22:47   4:26   0:00 
Kyle Turris              0  2  2   1  0   7  0  0  0  0  13/20  18:49   4:08   0:27 
Marc-Edouard Vlasic      0  0  0   0  0   2  0  1  0  0  0/0    22:21   3:12   0:47 
Mark Streit              0  2  2   2  0   0  2  0  0  0  0/0    17:11   0:18   0:29 
Mathieu Perreault        1  1  2   2  0   2  0  0  0  0  0/1    13:33   0:00   0:20 
Nick Ritchie             0  0  0  -1  0   0  0  0  0  0  0/0    11:41   0:00   0:00 
Robby Fabbri             1  0  1   1  0   2  1  0  0  0  0/0    12:48   0:00   0:00 
Ryan Johansen            1  0  1   1  0   3  2  0  0  0  15/20  17:57   3:48   0:27 
Sebastian Aho            0  0  0   0  0   2  0  0  0  0  1/1    16:27   4:08   0:00 
Tanner Pearson           0  0  0   0  0   2  5  0  0  0  0/1    17:05   3:48   0:00 
Torey Krug               0  0  0  -1  0   0  2  0  0  0  0/0    22:37   4:44   0:43 
Trevor Daley             0  0  0   2  0   0  1  0  0  0  0/0    17:36   0:00   1:12 

Players Stats for BOSTON

Player Name              G  A  P  +/- PIM S  H  SB GA TA FO     MP     PP MP  PK MP  
------------------------------------------------------------------------------------
BOS Cap Hit              0  0  0   0  0   0  0  0  0  0  0/0     0:00   0:00   0:00 
Brad Richards            0  0  0   0  0   0  0  0  0  0  0/1     2:03   0:00   1:14 
Conor Allen              0  1  1  -1  0   0  3  0  0  0  0/0    17:05   0:00   2:00 
Dainius Zubrus           0  0  0  -1  0   0  1  0  0  0  0/0     8:31   0:00   0:00 
Dennis Seidenberg        0  1  1  -1  2   1  1  0  0  0  0/0    26:24   1:09   3:07 
Derick Brassard          0  0  0  -1  2   2  0  0  0  0  3/7    21:03   1:09   4:06 
Drew Stafford            0  0  0  -1  0   1  2  0  0  0  0/0    18:01   0:50   1:51 
Evan Rodrigues           0  1  1   1  0   1  0  1  0  0  0/1    14:07   0:00   0:00 
Gemel Smith              0  0  0   1  0   0  1  0  0  0  0/0    16:19   0:00   2:12 
Ivan Barbashev           2  0  2   1  0   4  1  0  0  0  2/9    14:07   0:00   0:00 
Ivan Provorov            0  1  1  -1  2   2  1  0  0  0  0/0    25:03   1:09   2:58 
Kevin Fiala              0  0  0   0  0   1  0  0  0  0  0/0    16:13   0:50   1:54 
Markus Hannikainen       1  0  1  -1  0   3  0  0  0  0  5/12    8:31   0:00   0:00 
Mike Weber               0  0  0   1  0   0  0  2  0  0  0/0    20:00   0:50   4:02 
Miles Wood               0  0  0   0  0   1  1  0  0  0  5/17   15:07   1:09   0:00 
Oleg Yevenko             0  0  0  -1  0   0  1  0  0  0  0/0    15:05   0:00   0:00 
Paul Gaustad             0  1  1  -1  0   1  0  0  0  0  0/0     8:31   0:00   0:00 
Paul LaDue               0  0  0   1  0   0  1  3  0  0  0/0    19:14   0:50   3:45 
Scott Hartnell           0  0  0   0  2   1  2  0  0  0  6/24   18:53   0:50   4:35 
Tommy Wingels            0  0  0   0  0   1  2  0  0  0  0/1    15:07   1:09   0:00 

3 Stars

1 - Ivan Barbashev (BOS)
2 - Mathieu Perreault (TB )
3 - Mark Streit (TB )

Power Play

TAMPA BAY - 0 on 4 Attempt(s) - 0.00%
BOSTON - 0 on 1 Attempt(s) - 0.00%

Penalty Kill

TAMPA BAY - 1 on 1 Attempt(s) - 100.00% - Score 0 goal in Penalty Kill
BOSTON - 4 on 4 Attempt(s) - 100.00% - Score 0 goal in Penalty Kill

Team Stat

TAMPA BAY - Hits : 18 - Faceoff Wins : 51 - Blocked Shots : 3 - Penalty Minutes : 2
BOSTON - Hits : 17 - Faceoff Wins : 21 - Blocked Shots : 6 - Penalty Minutes : 8

Official

Referees : Unknown
Linesman : Unknown

Game Notes

No Game Note

Finance

Level 1 -- Attendance: 6000 (100.00%) -- Ticket Income $480,000
Level 2 -- Attendance: 4805 (96.10%) -- Ticket Income $264,275
Level 3 -- Attendance: 1932 (96.60%) -- Ticket Income $67,620
Level 4 -- Attendance: 4000 (100.00%) -- Ticket Income $68,000
Luxury Box -- Attendance: 908 (90.80%) -- Ticket Income $163,440
Game was played at the TD Garden.
Total Attendance: 17645 (98.03%)
Total Ticket Income: $1,043,335
Total Income: $1,043,335

TAMPA BAY

5 vs 5 Forward 
   Center                   Left Wing                Right Wing               Time % Phy DF OF 
 1 Ryan Johansen            Tanner Pearson           Charlie Coyle            27     1   2  2  
 2 Alexander Wennberg       Sebastian Aho            Elias Lindholm           25     1   2  2  
 3 Kyle Turris              Mathieu Perreault        Robby Fabbri             25     1   2  2  
 4 Derek Ryan               Brendan Perlini          Nick Ritchie             23     1   2  2  

5 vs 5 Defense 
   Defense                  Defense                                           Time % Phy DF OF 
 1 John Klingberg           Marc-Edouard Vlasic                               34     1   2  2  
 2 Torey Krug               Andrej Sekera                                     33     1   2  2  
 3 Mark Streit              Trevor Daley                                      33     1   2  2  
 4 Mark Streit              Trevor Daley                                      0      1   2  2  

PowerPlay Forward 
   Center                   Left Wing                Right Wing               Time % Phy DF OF 
 1 Ryan Johansen            Tanner Pearson           Charlie Coyle            60     1   2  2  
 2 Alexander Wennberg       Sebastian Aho            Kyle Turris              40     1   2  2  

PowerPlay Defense
   Defense                  Defense                                           Time % Phy DF OF 
 1 John Klingberg           Torey Krug                                        60     1   2  2  
 2 Andrej Sekera            Marc-Edouard Vlasic                               40     1   2  2  

Penalty Kill 4 Players Forward 
   Center                   Wing                     Time % Phy DF OF 
 1 Alexander Wennberg       Elias Lindholm           60     1   2  2  
 2 Ryan Johansen            Kyle Turris              40     1   2  2  

Penalty Kill 4 Players Defense
   Defense                  Defense                  Time % Phy DF OF 
 1 Marc-Edouard Vlasic      Andrej Sekera            60     1   2  2  
 2 Trevor Daley             John Klingberg           40     1   2  2  

Penalty Kill - 3 Players Forward 
   Forward                                           Time % Phy DF OF 
 1 Elias Lindholm                                    60     1   2  2  
 2 Ryan Johansen                                     40     1   2  2  

Penalty Kill - 3 Players Defense
   Defense                  Defense                  Time % Phy DF OF 
 1 Marc-Edouard Vlasic      Trevor Daley             60     1   2  2  
 2 John Klingberg           Andrej Sekera            40     1   2  2  

4 vs 4 Forward 
   Center                   Wing                     Time % Phy DF OF 
 1 Kyle Turris              Elias Lindholm           60     1   2  2  
 2 Ryan Johansen            Mathieu Perreault        40     1   2  2  

4 vs 4 Defense
   Defense                  Defense                  Time % Phy DF OF 
 1 John Klingberg           Marc-Edouard Vlasic      60     1   2  2  
 2 Torey Krug               Andrej Sekera            40     1   2  2  

Last Minutes Offensive
   Center                   Left Wing                Right Wing               Defense                  Defense                  
   Ryan Johansen            Mathieu Perreault        Kyle Turris              John Klingberg           Torey Krug               

Last Minutes Defensive
   Center                   Left Wing                Right Wing               Defense                  Defense                  
   Ryan Johansen            Elias Lindholm           Kyle Turris              John Klingberg           Andrej Sekera            

Goaltenders
Starting : Devan Dubnyk             
Backup : Aaron Dell               

Extra Forwards
Normal : Mathieu Perreault, Robby Fabbri, Elias Lindholm - PP : Mathieu Perreault, Robby Fabbri - PK : Mathieu Perreault
Extra Defensemen
Normal : Torey Krug, Mark Streit, Trevor Daley - PP : Mark Streit - PK : Torey Krug, Mark Streit
Penalty Shots
Ryan Johansen, Sebastian Aho, Kyle Turris, Mathieu Perreault, Brendan Perlini

BOSTON

5 vs 5 Forward 
   Center                   Left Wing                Right Wing               Time % Phy DF OF 
 1 Scott Hartnell           Kevin Fiala              Drew Stafford            30     1   2  2  
 2 Miles Wood               Tommy Wingels            Derick Brassard          30     1   2  2  
 3 Ivan Barbashev           Gemel Smith              Evan Rodrigues           25     1   2  2  
 4 Markus Hannikainen       Dainius Zubrus           Paul Gaustad             15     1   2  2  

5 vs 5 Defense 
   Defense                  Defense                                           Time % Phy DF OF 
 1 Ivan Provorov            Dennis Seidenberg                                 35     1   2  2  
 2 Paul LaDue               Mike Weber                                        30     1   2  2  
 3 Conor Allen              Oleg Yevenko                                      25     1   2  2  
 4 Ivan Provorov            Dennis Seidenberg                                 10     1   2  2  

PowerPlay Forward 
   Center                   Left Wing                Right Wing               Time % Phy DF OF 
 1 Scott Hartnell           Drew Stafford            Kevin Fiala              60     1   2  2  
 2 Miles Wood               Tommy Wingels            Derick Brassard          40     1   2  2  

PowerPlay Defense
   Defense                  Defense                                           Time % Phy DF OF 
 1 Ivan Provorov            Dennis Seidenberg                                 60     1   2  2  
 2 Paul LaDue               Mike Weber                                        40     1   2  2  

Penalty Kill 4 Players Forward 
   Center                   Wing                     Time % Phy DF OF 
 1 Scott Hartnell           Derick Brassard          60     1   2  2  
 2 Kevin Fiala              Drew Stafford            40     1   2  2  

Penalty Kill 4 Players Defense
   Defense                  Defense                  Time % Phy DF OF 
 1 Dennis Seidenberg        Ivan Provorov            60     1   2  2  
 2 Mike Weber               Paul LaDue               40     1   2  2  

Penalty Kill - 3 Players Forward 
   Forward                                           Time % Phy DF OF 
 1 Derick Brassard                                   60     1   2  2  
 2 Ivan Barbashev                                    40     1   2  2  

Penalty Kill - 3 Players Defense
   Defense                  Defense                  Time % Phy DF OF 
 1 Dennis Seidenberg        Ivan Provorov            60     1   2  2  
 2 Oleg Yevenko             Conor Allen              40     1   2  2  

4 vs 4 Forward 
   Center                   Wing                     Time % Phy DF OF 
 1 Derick Brassard          Drew Stafford            60     1   2  2  
 2 Scott Hartnell           Kevin Fiala              40     1   2  2  

4 vs 4 Defense
   Defense                  Defense                  Time % Phy DF OF 
 1 Ivan Provorov            Dennis Seidenberg        60     1   2  2  
 2 Conor Allen              Oleg Yevenko             40     1   2  2  

Last Minutes Offensive
   Center                   Left Wing                Right Wing               Defense                  Defense                  
   Scott Hartnell           Kevin Fiala              Drew Stafford            Ivan Provorov            Dennis Seidenberg        

Last Minutes Defensive
   Center                   Left Wing                Right Wing               Defense                  Defense                  
   Scott Hartnell           Kevin Fiala              Drew Stafford            Ivan Provorov            Dennis Seidenberg        

Goaltenders
Starting : Henrik Lundqvist         
Backup : Anton Khudobin           

Extra Forwards
Normal : Derick Brassard, Gemel Smith, Evan Rodrigues - PP : Derick Brassard, Markus Hannikainen - PK : Derick Brassard
Extra Defensemen
Normal : Dennis Seidenberg, Ivan Provorov, Paul LaDue - PP : Dennis Seidenberg - PK : Mike Weber, Ivan Provorov
Penalty Shots
Gemel Smith, Evan Rodrigues, Markus Hannikainen, Paul Gaustad, Derick Brassard

% Time on Ice - TAMPA BAY

Lines # - Real PCT - Wanted PCT - Time Play
Normal Forward
1 - 27% - 27% - 13:17
2 - 25% - 25% - 12:19
3 - 26% - 25% - 12:48
4 - 23% - 23% - 11:41
Normal Defense
1 - 34% - 34% - 17:05
2 - 33% - 33% - 16:36
3 - 33% - 33% - 16:24
4 - 0% - 0% - 0:00
PP Forward
1 - 48% - 60% - 3:48
2 - 52% - 40% - 4:08
PP Defense
1 - 60% - 60% - 4:44
2 - 40% - 40% - 3:12
PK Forward
1 - 77% - 60% - 1:32
2 - 23% - 40% - 0:27
PK Defense
1 - 39% - 60% - 0:47
2 - 61% - 40% - 1:12
PK3 Forward
1 - 0% - 60%
2 - 0% - 40%
PK3 Defense
1 - 0% - 60%
2 - 0% - 40%
44 Forward
1 - 77% - 60% - 1:26
2 - 23% - 40% - 0:25
44 Defense
1 - 69% - 60% - 1:17
2 - 31% - 40% - 0:34
Last Minute Offensive  - 0:00
Last Minute Defensive  - 0:00
Total
Forward - 61:51
Defense - 61:51

% Time on Ice - BOSTON

Lines # - Real PCT - Wanted PCT - Time Play
Normal Forward
1 - 27% - 30% - 13:29
2 - 28% - 30% - 13:58
3 - 28% - 25% - 14:07
4 - 17% - 15% - 8:31
Normal Defense
1 - 36% - 35% - 17:53
2 - 29% - 30% - 14:28
3 - 30% - 25% - 14:56
4 - 6% - 10% - 2:48
PP Forward
1 - 42% - 60% - 0:50
2 - 58% - 40% - 1:09
PP Defense
1 - 58% - 60% - 1:09
2 - 42% - 40% - 0:50
PK Forward
1 - 77% - 60% - 6:05
2 - 23% - 40% - 1:51
PK Defense
1 - 53% - 60% - 4:11
2 - 47% - 40% - 3:45
PK3 Forward
1 - 0% - 60%
2 - 0% - 40%
PK3 Defense
1 - 0% - 60%
2 - 0% - 40%
44 Forward
1 - 100% - 60% - 1:51
2 - 0% - 40% - 0:00
44 Defense
1 - 92% - 60% - 1:42
2 - 8% - 40% - 0:09
Last Minute Offensive  - 0:00
Last Minute Defensive  - 0:00
Total
Forward - 61:51
Defense - 61:51

Play by Play

1st period


0:01 of 1st period - Ryan Johansen wins face-off versus Scott Hartnell in neutral zone.
0:04 of 1st period - Drew Stafford is hit by Tanner Pearson and loses puck.
0:41 of 1st period - Minor Penalty to Scott Hartnell for Hooking.
0:42 of 1st period - Derick Brassard wins face-off versus Alexander Wennberg in BOSTON zone.
2:29 of 1st period - Shot by Torey Krug.
2:29 of 1st period - Shot Misses the Net.
2:31 of 1st period - Shot by Kyle Turris.
2:31 of 1st period - Stopped by Henrik Lundqvist without a rebound.
2:32 of 1st period - Alexander Wennberg wins face-off versus Brad Richards in BOSTON zone.
2:43 of 1st period - Shot by Mark Streit.
2:43 of 1st period - Shot Misses the Net.
2:52 of 1st period - Shot by Evan Rodrigues.
2:52 of 1st period - Stopped by Devan Dubnyk without a rebound.
2:53 of 1st period - Derek Ryan wins face-off versus Markus Hannikainen in TAMPA BAY zone.
3:19 of 1st period - Shot by Derek Ryan.
3:19 of 1st period - Goal by Derek Ryan - TAMPA BAY : 1 - BOSTON : 0.
3:20 of 1st period - Kyle Turris wins face-off versus Ivan Barbashev in neutral zone.
3:20 of 1st period - Kyle Turris is hit by Gemel Smith.
4:05 of 1st period - Shot by Mathieu Perreault.
4:05 of 1st period - Shot Misses the Net.
4:20 of 1st period - Icing by John Klingberg.
4:21 of 1st period - Alexander Wennberg wins face-off versus Miles Wood in TAMPA BAY zone.
4:53 of 1st period - Off-side.
4:54 of 1st period - Ryan Johansen wins face-off versus Scott Hartnell in neutral zone.
5:05 of 1st period - Shot by Charlie Coyle.
5:05 of 1st period - Stopped by Henrik Lundqvist without a rebound.
5:06 of 1st period - Derek Ryan wins face-off versus Markus Hannikainen in BOSTON zone.
5:06 of 1st period - Derek Ryan is hit by Conor Allen.
5:25 of 1st period - Shot by Markus Hannikainen.
5:25 of 1st period - Goal by Markus Hannikainen - TAMPA BAY : 1 - BOSTON : 1.
5:26 of 1st period - Miles Wood wins face-off versus Alexander Wennberg in neutral zone.
7:00 of 1st period - Scott Hartnell is hit by Tanner Pearson and loses puck.
7:21 of 1st period - Shot by Evan Rodrigues.
7:21 of 1st period - Deflect By Ivan Barbashev.
7:21 of 1st period - Stopped by Devan Dubnyk without a rebound.
7:22 of 1st period - Markus Hannikainen wins face-off versus Kyle Turris in TAMPA BAY zone.
7:29 of 1st period - Markus Hannikainen is hit by Robby Fabbri and loses puck.
7:42 of 1st period - Shot by Paul Gaustad.
7:42 of 1st period - Stopped by Devan Dubnyk with a rebound.
7:44 of 1st period - Shot by Conor Allen.
7:44 of 1st period - Shot Blocked by John Klingberg.
7:46 of 1st period - Shot by Dainius Zubrus.
7:46 of 1st period - Shot Misses the Net.
10:11 of 1st period - Shot by Miles Wood.
10:11 of 1st period - Shot Misses the Net.
10:43 of 1st period - Shot by Marc-Edouard Vlasic.
10:43 of 1st period - Shot Blocked by Mike Weber.
11:03 of 1st period - Shot by Kyle Turris.
11:03 of 1st period - Stopped by Henrik Lundqvist without a rebound.
11:04 of 1st period - Scott Hartnell wins face-off versus Alexander Wennberg in BOSTON zone.
11:04 of 1st period - Scott Hartnell is hit by Alexander Wennberg.
12:52 of 1st period - Icing by Kyle Turris.
12:53 of 1st period - Miles Wood wins face-off versus Kyle Turris in TAMPA BAY zone.
14:40 of 1st period - Icing by John Klingberg.
14:41 of 1st period - Markus Hannikainen wins face-off versus Derek Ryan in TAMPA BAY zone.
14:59 of 1st period - Shot by Markus Hannikainen.
14:59 of 1st period - Stopped by Devan Dubnyk without a rebound.
15:00 of 1st period - Ryan Johansen wins face-off versus Ivan Barbashev in TAMPA BAY zone.
15:05 of 1st period - Shot by Tanner Pearson.
15:05 of 1st period - Stopped by Henrik Lundqvist without a rebound.
15:06 of 1st period - Ryan Johansen wins face-off versus Miles Wood in BOSTON zone.
15:39 of 1st period - Minor Penalty to Ivan Provorov for Hooking.
15:40 of 1st period - Alexander Wennberg wins face-off versus Scott Hartnell in BOSTON zone.
15:49 of 1st period - Shot by John Klingberg.
15:49 of 1st period - Stopped by Henrik Lundqvist without a rebound.
15:50 of 1st period - Alexander Wennberg wins face-off versus Scott Hartnell in BOSTON zone.
16:06 of 1st period - Icing by Andrej Sekera.
16:07 of 1st period - Alexander Wennberg wins face-off versus Derick Brassard in TAMPA BAY zone.
16:15 of 1st period - Shot by Kyle Turris.
16:15 of 1st period - Stopped by Henrik Lundqvist without a rebound.
16:16 of 1st period - Ryan Johansen wins face-off versus Scott Hartnell in BOSTON zone.
16:29 of 1st period - Drew Stafford is hit by Tanner Pearson and loses puck.
16:44 of 1st period - Derick Brassard is hit by Tanner Pearson and loses puck.
17:25 of 1st period - Shot by Kyle Turris.
17:25 of 1st period - Shot Misses the Net.
17:27 of 1st period - Shot by Kyle Turris.
17:27 of 1st period - Shot Misses the Net.
17:29 of 1st period - Shot by Sebastian Aho.
17:29 of 1st period - Shot Misses the Net.
17:31 of 1st period - Shot by Sebastian Aho.
17:31 of 1st period - Stopped by Henrik Lundqvist without a rebound.
17:32 of 1st period - Alexander Wennberg wins face-off versus Scott Hartnell in BOSTON zone.
17:46 of 1st period - Icing by Mike Weber.
17:47 of 1st period - Derek Ryan wins face-off versus Ivan Barbashev in BOSTON zone.
18:22 of 1st period - Shot by Brendan Perlini.
18:22 of 1st period - Shot Blocked by Paul LaDue.
18:24 of 1st period - Shot by Brendan Perlini.
18:24 of 1st period - Shot Blocked by Evan Rodrigues.
18:26 of 1st period - Shot by Trevor Daley.
18:26 of 1st period - Shot Misses the Net.
18:28 of 1st period - Shot by Derek Ryan.
18:28 of 1st period - Stopped by Henrik Lundqvist without a rebound.
18:29 of 1st period - Kyle Turris wins face-off versus Markus Hannikainen in BOSTON zone.
18:52 of 1st period - Shot by Kyle Turris.
18:52 of 1st period - Deflect By Robby Fabbri.
18:52 of 1st period - Stopped by Henrik Lundqvist with a rebound.
18:56 of 1st period - Shot by Kyle Turris.
18:56 of 1st period - Stopped by Henrik Lundqvist without a rebound.
18:57 of 1st period - Alexander Wennberg wins face-off versus Miles Wood in BOSTON zone.
19:04 of 1st period - Shot by Sebastian Aho.
19:04 of 1st period - Shot Misses the Net.
19:47 of 1st period - Dennis Seidenberg is hit by Elias Lindholm and loses puck.
19:55 of 1st period - Icing by Scott Hartnell.
19:56 of 1st period - Ryan Johansen wins face-off versus Scott Hartnell in BOSTON zone.
Goals for this period are 1 for TAMPA BAY vs 1 for BOSTON.
Shots for this period are 11 for TAMPA BAY vs 5 for BOSTON.

2nd period


0:01 of 2nd period - Kyle Turris wins face-off versus Scott Hartnell in neutral zone.
0:01 of 2nd period - Kyle Turris is hit by Scott Hartnell.
0:23 of 2nd period - Shot by Kevin Fiala.
0:23 of 2nd period - Stopped by Devan Dubnyk without a rebound.
0:24 of 2nd period - Ryan Johansen wins face-off versus Tommy Wingels in TAMPA BAY zone.
0:35 of 2nd period - Shot by Charlie Coyle.
0:35 of 2nd period - Shot Misses the Net.
0:37 of 2nd period - Shot by Tanner Pearson.
0:37 of 2nd period - Shot Misses the Net.
0:39 of 2nd period - Shot by Ryan Johansen.
0:39 of 2nd period - Deflect By Tanner Pearson.
0:39 of 2nd period - Shot Misses the Net.
0:43 of 2nd period - Shot by Ryan Johansen.
0:43 of 2nd period - Stopped by Henrik Lundqvist without a rebound.
0:44 of 2nd period - Kyle Turris wins face-off versus Ivan Barbashev in BOSTON zone.
1:20 of 2nd period - Shot by Ivan Provorov.
1:20 of 2nd period - Stopped by Devan Dubnyk without a rebound.
1:21 of 2nd period - Ryan Johansen wins face-off versus Scott Hartnell in TAMPA BAY zone.
1:26 of 2nd period - Shot by Scott Hartnell.
1:26 of 2nd period - Shot Misses the Net.
1:39 of 2nd period - Icing by Tanner Pearson.
1:40 of 2nd period - Miles Wood wins face-off versus Ryan Johansen in TAMPA BAY zone.
1:43 of 2nd period - Shot by Derick Brassard.
1:43 of 2nd period - Deflect By Tommy Wingels.
1:43 of 2nd period - Shot Misses the Net.
1:54 of 2nd period - Icing by Oleg Yevenko.
1:55 of 2nd period - Derek Ryan wins face-off versus Miles Wood in BOSTON zone.
1:58 of 2nd period - Shot by Trevor Daley.
1:58 of 2nd period - Shot Misses the Net.
2:55 of 2nd period - Icing by Kevin Fiala.
2:56 of 2nd period - Charlie Coyle wins face-off versus Scott Hartnell in BOSTON zone.
4:11 of 2nd period - Off-side.
4:12 of 2nd period - Kyle Turris wins face-off versus Markus Hannikainen in neutral zone.
5:13 of 2nd period - Icing by Mark Streit.
5:14 of 2nd period - Alexander Wennberg wins face-off versus Miles Wood in TAMPA BAY zone.
5:14 of 2nd period - Alexander Wennberg is hit by Tommy Wingels.
5:37 of 2nd period - Miles Wood is hit by Mark Streit and loses puck.
6:10 of 2nd period - Shot by Dennis Seidenberg.
6:10 of 2nd period - Shot Misses the Net.
6:12 of 2nd period - Shot by Ivan Barbashev.
6:12 of 2nd period - Goal by Ivan Barbashev - TAMPA BAY : 1 - BOSTON : 2.
6:13 of 2nd period - Scott Hartnell wins face-off versus Mathieu Perreault in neutral zone.
6:28 of 2nd period - Shot by Kevin Fiala.
6:28 of 2nd period - Shot Misses the Net.
6:39 of 2nd period - Icing by Andrej Sekera.
6:40 of 2nd period - Kyle Turris wins face-off versus Ivan Barbashev in TAMPA BAY zone.
7:25 of 2nd period - Charlie Coyle is hit by Paul LaDue and loses puck.
9:58 of 2nd period - Shot by Kyle Turris.
9:58 of 2nd period - Stopped by Henrik Lundqvist without a rebound.
9:59 of 2nd period - Markus Hannikainen wins face-off versus Ryan Johansen in BOSTON zone.
9:59 of 2nd period - Markus Hannikainen is hit by Ryan Johansen.
10:18 of 2nd period - Minor Penalty to John Klingberg for Holding Stick.
10:19 of 2nd period - Alexander Wennberg wins face-off versus Miles Wood in TAMPA BAY zone.
10:19 of 2nd period - Alexander Wennberg is hit by Miles Wood.
10:44 of 2nd period - Ivan Provorov is hit by Trevor Daley and loses puck.
10:48 of 2nd period - Miles Wood is hit by Torey Krug and loses puck.
11:04 of 2nd period - Icing by Mike Weber.
11:05 of 2nd period - Ryan Johansen wins face-off versus Scott Hartnell in BOSTON zone.
12:34 of 2nd period - Shot by Ryan Johansen.
12:34 of 2nd period - Deflect By Charlie Coyle.
12:34 of 2nd period - Shot Misses the Net.
12:54 of 2nd period - Shot by Ryan Johansen.
12:54 of 2nd period - Stopped by Henrik Lundqvist without a rebound.
12:55 of 2nd period - Derek Ryan wins face-off versus Markus Hannikainen in BOSTON zone.
13:02 of 2nd period - Shot by Nick Ritchie.
13:02 of 2nd period - Shot Misses the Net.
13:09 of 2nd period - Icing by Dennis Seidenberg.
13:10 of 2nd period - Markus Hannikainen wins face-off versus Kyle Turris in BOSTON zone.
13:38 of 2nd period - Shot by Mathieu Perreault.
13:38 of 2nd period - Goal by Mathieu Perreault - TAMPA BAY : 2 - BOSTON : 2.
13:39 of 2nd period - Sebastian Aho wins face-off versus Miles Wood in neutral zone.
13:57 of 2nd period - Alexander Wennberg is hit by Conor Allen and loses puck.
14:41 of 2nd period - Brendan Perlini is hit by Oleg Yevenko and loses puck.
15:05 of 2nd period - Shot by Brendan Perlini.
15:05 of 2nd period - Shot Misses the Net.
15:15 of 2nd period - Shot by Drew Stafford.
15:15 of 2nd period - Stopped by Devan Dubnyk without a rebound.
15:16 of 2nd period - Ryan Johansen wins face-off versus Ivan Barbashev in TAMPA BAY zone.
15:37 of 2nd period - Shot by Marc-Edouard Vlasic.
15:37 of 2nd period - Stopped by Henrik Lundqvist without a rebound.
15:38 of 2nd period - Kyle Turris wins face-off versus Scott Hartnell in BOSTON zone.
16:05 of 2nd period - Shot by Drew Stafford.
16:05 of 2nd period - Deflect By Scott Hartnell.
16:05 of 2nd period - Stopped by Devan Dubnyk without a rebound.
16:06 of 2nd period - Ivan Barbashev wins face-off versus Tanner Pearson in TAMPA BAY zone.
16:21 of 2nd period - Shot by Evan Rodrigues.
16:21 of 2nd period - Shot Blocked by John Klingberg.
16:45 of 2nd period - Shot by Ivan Provorov.
16:45 of 2nd period - Stopped by Devan Dubnyk with a rebound.
17:19 of 2nd period - Shot by Markus Hannikainen.
17:19 of 2nd period - Shot Misses the Net.
17:50 of 2nd period - Off-side.
17:51 of 2nd period - Derek Ryan wins face-off versus Miles Wood in neutral zone.
17:59 of 2nd period - Shot by Derek Ryan.
17:59 of 2nd period - Deflect By Brendan Perlini.
17:59 of 2nd period - Shot Misses the Net.
18:01 of 2nd period - Shot by Brendan Perlini.
18:01 of 2nd period - Stopped by Henrik Lundqvist without a rebound.
18:02 of 2nd period - Elias Lindholm wins face-off versus Scott Hartnell in BOSTON zone.
18:05 of 2nd period - Shot by Sebastian Aho.
18:05 of 2nd period - Shot Misses the Net.
19:13 of 2nd period - Minor Penalty to Derick Brassard for Interference.
19:14 of 2nd period - Alexander Wennberg wins face-off versus Scott Hartnell in BOSTON zone.
19:23 of 2nd period - Shot by Kyle Turris.
19:23 of 2nd period - Shot Misses the Net.
19:27 of 2nd period - Shot by Torey Krug.
19:27 of 2nd period - Shot Blocked by Paul LaDue.
19:29 of 2nd period - Shot by Kyle Turris.
19:29 of 2nd period - Shot Misses the Net.
19:53 of 2nd period - Scott Hartnell is hit by Charlie Coyle and loses puck.
Goals for this period are 1 for TAMPA BAY vs 1 for BOSTON.
Shots for this period are 6 for TAMPA BAY vs 6 for BOSTON.

3rd period


0:01 of 3rd period - Ryan Johansen wins face-off versus Scott Hartnell in neutral zone.
0:04 of 3rd period - Gemel Smith is hit by Ryan Johansen and loses puck.
0:11 of 3rd period - Shot by John Klingberg.
0:11 of 3rd period - Stopped by Henrik Lundqvist without a rebound.
0:12 of 3rd period - Ryan Johansen wins face-off versus Scott Hartnell in BOSTON zone.
0:27 of 3rd period - Shot by Tanner Pearson.
0:27 of 3rd period - Shot Misses the Net.
0:48 of 3rd period - Icing by Tanner Pearson.
0:49 of 3rd period - Ryan Johansen wins face-off versus Scott Hartnell in TAMPA BAY zone.
0:49 of 3rd period - Ryan Johansen is hit by Scott Hartnell.
0:56 of 3rd period - Off-side.
0:57 of 3rd period - Scott Hartnell wins face-off versus Alexander Wennberg in neutral zone.
1:35 of 3rd period - Shot by Miles Wood.
1:35 of 3rd period - Stopped by Devan Dubnyk without a rebound.
1:36 of 3rd period - Kyle Turris wins face-off versus Markus Hannikainen in TAMPA BAY zone.
1:36 of 3rd period - Kyle Turris is hit by Dainius Zubrus.
1:46 of 3rd period - Shot by Kyle Turris.
1:46 of 3rd period - Shot Misses the Net.
1:48 of 3rd period - Shot by Marc-Edouard Vlasic.
1:48 of 3rd period - Stopped by Henrik Lundqvist without a rebound.
1:49 of 3rd period - Miles Wood wins face-off versus Derek Ryan in BOSTON zone.
1:54 of 3rd period - Shot by Derick Brassard.
1:54 of 3rd period - Shot Misses the Net.
2:09 of 3rd period - Derek Ryan is hit by Conor Allen and loses puck.
2:25 of 3rd period - Shot by Brendan Perlini.
2:25 of 3rd period - Stopped by Henrik Lundqvist without a rebound.
2:26 of 3rd period - Scott Hartnell wins face-off versus Kyle Turris in BOSTON zone.
4:01 of 3rd period - Shot by Ivan Barbashev.
4:01 of 3rd period - Stopped by Devan Dubnyk without a rebound.
4:02 of 3rd period - Derek Ryan wins face-off versus Miles Wood in TAMPA BAY zone.
5:01 of 3rd period - John Klingberg is hit by Tommy Wingels and loses puck.
5:14 of 3rd period - Shot by Ryan Johansen.
5:14 of 3rd period - Shot Misses the Net.
5:16 of 3rd period - Shot by Ryan Johansen.
5:16 of 3rd period - Shot Misses the Net.
5:18 of 3rd period - Shot by John Klingberg.
5:18 of 3rd period - Deflect By Tanner Pearson.
5:18 of 3rd period - Stopped by Henrik Lundqvist without a rebound.
5:19 of 3rd period - Ivan Barbashev wins face-off versus Kyle Turris in BOSTON zone.
5:58 of 3rd period - Shot by Kyle Turris.
5:58 of 3rd period - Stopped by Henrik Lundqvist with a rebound.
6:13 of 3rd period - Ivan Provorov is hit by Elias Lindholm and loses puck.
6:22 of 3rd period - Shot by Sebastian Aho.
6:22 of 3rd period - Shot Misses the Net.
7:33 of 3rd period - Mike Weber is hit by Tanner Pearson and loses puck.
8:22 of 3rd period - Derek Ryan is hit by Drew Stafford and loses puck.
8:54 of 3rd period - Mathieu Perreault is hit by Drew Stafford and loses puck.
9:11 of 3rd period - Shot by Kyle Turris.
9:11 of 3rd period - Stopped by Henrik Lundqvist with a rebound.
9:13 of 3rd period - Shot by Marc-Edouard Vlasic.
9:13 of 3rd period - Shot Hit the Post.
9:47 of 3rd period - Shot by Derick Brassard.
9:47 of 3rd period - Stopped by Devan Dubnyk with a rebound.
12:06 of 3rd period - Derek Ryan is hit by Ivan Barbashev.
12:12 of 3rd period - Shot by Nick Ritchie.
12:12 of 3rd period - Shot Misses the Net.
12:15 of 3rd period - Icing by Oleg Yevenko.
12:16 of 3rd period - Kyle Turris wins face-off versus Ivan Barbashev in BOSTON zone.
12:27 of 3rd period - Shot by Robby Fabbri.
12:27 of 3rd period - Goal by Robby Fabbri - TAMPA BAY : 3 - BOSTON : 2.
12:28 of 3rd period - Derek Ryan wins face-off versus Miles Wood in neutral zone.
13:49 of 3rd period - Off-side.
13:50 of 3rd period - Alexander Wennberg wins face-off versus Miles Wood in neutral zone.
14:10 of 3rd period - Shot by Sebastian Aho.
14:10 of 3rd period - Stopped by Henrik Lundqvist with a rebound.
14:12 of 3rd period - Shot by Alexander Wennberg.
14:12 of 3rd period - Shot Misses the Net.
15:03 of 3rd period - Icing by Mathieu Perreault.
15:04 of 3rd period - Kyle Turris wins face-off versus Evan Rodrigues in TAMPA BAY zone.
15:24 of 3rd period - Shot by Ivan Barbashev.
15:24 of 3rd period - Goal by Ivan Barbashev - TAMPA BAY : 3 - BOSTON : 3.
15:25 of 3rd period - Markus Hannikainen wins face-off versus Ryan Johansen in neutral zone.
15:45 of 3rd period - Ryan Johansen is hit by Dennis Seidenberg and loses puck.
15:49 of 3rd period - Ryan Johansen is hit by Ivan Provorov and loses puck.
15:51 of 3rd period - Minor Penalty to Dennis Seidenberg for Slashing.
15:52 of 3rd period - Scott Hartnell wins face-off versus Alexander Wennberg in BOSTON zone.
15:52 of 3rd period - Scott Hartnell is hit by Alexander Wennberg.
16:06 of 3rd period - Shot by John Klingberg.
16:06 of 3rd period - Shot Misses the Net.
16:08 of 3rd period - Shot by Alexander Wennberg.
16:08 of 3rd period - Shot Misses the Net.
16:10 of 3rd period - Shot by Kyle Turris.
16:10 of 3rd period - Shot Blocked by Paul LaDue.
16:12 of 3rd period - Shot by Kyle Turris.
16:12 of 3rd period - Shot Blocked by Mike Weber.
17:27 of 3rd period - Icing by Tanner Pearson.
17:28 of 3rd period - Ryan Johansen wins face-off versus Scott Hartnell in TAMPA BAY zone.
18:32 of 3rd period - Shot by Nick Ritchie.
18:32 of 3rd period - Shot Misses the Net.
19:16 of 3rd period - Shot by Mathieu Perreault.
19:16 of 3rd period - Stopped by Henrik Lundqvist without a rebound.
19:17 of 3rd period - Alexander Wennberg wins face-off versus Markus Hannikainen in BOSTON zone.
19:22 of 3rd period - Shot by Elias Lindholm.
19:22 of 3rd period - Shot Misses the Net.
19:32 of 3rd period - Shot by Paul Gaustad.
19:32 of 3rd period - Deflect By Markus Hannikainen.
19:32 of 3rd period - Stopped by Devan Dubnyk without a rebound.
19:33 of 3rd period - Ryan Johansen wins face-off versus Miles Wood in TAMPA BAY zone.
19:37 of 3rd period - Off-side.
19:38 of 3rd period - Miles Wood wins face-off versus Ryan Johansen in neutral zone.
19:48 of 3rd period - Derick Brassard is hit by Mark Streit and loses puck.
19:51 of 3rd period - Shot by Tommy Wingels.
19:51 of 3rd period - Stopped by Devan Dubnyk without a rebound.
19:52 of 3rd period - Scott Hartnell wins face-off versus Kyle Turris in TAMPA BAY zone.
Goals for this period are 1 for TAMPA BAY vs 1 for BOSTON.
Shots for this period are 9 for TAMPA BAY vs 6 for BOSTON.

Overtime #1


0:01 of 1st overtime period - Kyle Turris wins face-off versus Derick Brassard in neutral zone.
0:07 of 1st overtime period - Icing by Ivan Provorov.
0:08 of 1st overtime period - Kyle Turris wins face-off versus Derick Brassard in BOSTON zone.
0:25 of 1st overtime period - Shot by Derick Brassard.
0:25 of 1st overtime period - Shot Blocked by Marc-Edouard Vlasic.
0:27 of 1st overtime period - Shot by Dennis Seidenberg.
0:27 of 1st overtime period - Stopped by Devan Dubnyk without a rebound.
0:28 of 1st overtime period - Derick Brassard wins face-off versus Kyle Turris in TAMPA BAY zone.
0:28 of 1st overtime period - Derick Brassard is hit by Torey Krug.
0:36 of 1st overtime period - Shot by Derick Brassard.
0:36 of 1st overtime period - Stopped by Devan Dubnyk without a rebound.
0:37 of 1st overtime period - Kyle Turris wins face-off versus Derick Brassard in TAMPA BAY zone.
1:25 of 1st overtime period - Icing by Ivan Provorov.
1:26 of 1st overtime period - Derick Brassard wins face-off versus Ryan Johansen in BOSTON zone.
1:50 of 1st overtime period - Shot by Ryan Johansen.
1:50 of 1st overtime period - Goal by Ryan Johansen - TAMPA BAY : 4 - BOSTON : 3.
Goals for this period are 1 for TAMPA BAY vs 0 for BOSTON.
Shots for this period are 1 for TAMPA BAY vs 2 for BOSTON.